 Dungeon Crawl Stone Soup version 0.25-a0-292-gaa31f046c4 (webtiles) character file.

Game seed: 17628442611624074645, levelgen mode: deterministic

131 MoonlitKnight the Grave Robber (level 5, -13/38 HPs)
             Began as a Hill Orc Necromancer on Dec 15, 2019.
             Was an Initiate of Beogh.
             Engulfed by Ijyb's freezing vapour (33 damage)
             ... on level 3 of the Dungeon.
             The game lasted 00:10:07 (3087 turns).

MoonlitKnight the Grave Robber (HONe)               Turns: 3087, Time: 00:10:08

Health: -13/38     AC: 10    Str: 11    XL:     5   Next: 14%
Magic:  8/8        EV: 12    Int: 16    God:    Beogh [......]
Gold:   91         SH:  0    Dex: 11    Spells: 0/9 levels left

rFire    + . .     SeeInvis .   f - +0 flail (protect)
rCold    x . .     Gourm    .   (no shield)
rNeg     . . .     Faith    .   a - +0 robe
rPois    .         Spirit   .   (no helmet)
rElec    .         Reflect  .   d - +0 cloak
rCorr    .         Harm     .   (no gloves)
MR       .....                  (no boots)
Stlth    ++........             (no amulet)
HPRegen  0.12/turn              e - ring of fire
MPRegen  0.11/turn              (no ring)

@: lethally poisoned (-13 -> -20), protection aura
A: no striking features
a: Renounce Religion


You were on level 3 of the Dungeon.
You worshipped Beogh.
Beogh was noncommittal.
You were not hungry.

You visited 1 branch of the dungeon, and saw 3 of its levels.

You collected 91 gold pieces.

Inventory:

Hand Weapons
 f - a +0 flail of protection (weapon)
Missiles
 k - 11 poisoned darts (quivered)
Armour
 a - a +0 robe (worn)
 d - a +0 cloak (worn)
Jewellery
 e - a ring of fire (left hand)
Scrolls
 g - a scroll of immolation {unknown}
 i - 2 scrolls of teleportation {unknown}
 j - a scroll of enchant weapon {unknown}
 m - 2 scrolls of identify {unknown}
Potions
 h - 3 potions of magic {unknown}
 l - a potion of might {unknown}
Comestibles
 b - 3 chunks of flesh
 c - 5 rations


   Skills:
 + Level 2.7 Dodging
 - Level 1.5 Stealth
 + Level 2.5 Spellcasting
 + Level 4.9 Necromancy
 + Level 0.0 Invocations


You couldn't memorise any spells.
You knew the following spells:

 Your Spells              Type           Power        Failure   Level  Hunger
a - Pain                  Necr           ###.         2%          1    #......
b - Animate Skeleton      Necr           N/A          2%          1    #......
c - Vampiric Draining     Necr           ###.......   8%          3    ###....
d - Animate Dead          Necr           N/A          26%         4    #####..

Your spell library contained the following spells:

 Spells                   Type           Power        Failure   Level  Hunger
 Regeneration             Chrm/Necr      #.........   22%         3    ###....


Dungeon Overview and Level Annotations

Branches:
Dungeon (3/15)

Altars:

Annotations:
D:3 Ijyb


Message History

Your bat skeleton hits Ijyb but does no damage.
Ijyb zaps a wand.
Ijyb creates a blast of noxious fumes!
Your bat skeleton barely misses Ijyb.
Your bat skeleton closely misses Ijyb.
Your quokka skeleton closely misses Ijyb.
Your bat skeleton barely misses Ijyb.
Ijyb hits you.
You hit Ijyb.
Your weapon exudes an aura of protection.
Ijyb is lightly wounded.
You feel sick.
Your bat skeleton hits Ijyb but does no damage.
Your bat skeleton barely misses Ijyb.
Your bat skeleton closely misses Ijyb.
Your quokka skeleton bites Ijyb but does no damage.
Ijyb zaps a wand.
Ijyb creates a blast of freezing vapour!
Your bat skeleton hits Ijyb but does no damage.
You hit Ijyb.
Ijyb is moderately wounded.
You are engulfed in freezing vapours.
Ouch! That really hurt!
You die...

.#.......## ..
.........# #.#
.#.......## #.#
.###.#....### #.#
###....##.[.# #.#
..[..######.# #§#
...)........####§#######
÷......^...[...§§§..§...
.....#.####..###@.§§#
#o##.......#...Zg§§§#
#)##.####....§§Z§.§§#
[..#.# ##.#§###....#
S#.....# #.#.. r.)...#
.###.#.# #...........#
## .# ###.........#
####... ..r.......#
..>.o.# #...........


You could see Ijyb, a quokka, a friendly bat skeleton and a friendly quokka
skeleton.

Vanquished Creatures
  Terence (D:3)
  4 adders (D:2)
  A worm (D:2)
  A dart slug (D:1)
  3 leopard geckos
  6 orcs (D:3)
  7 goblins
  8 hobgoblins
  3 quokkas (D:3)
  A ball python (D:3)
  8 bats
  A frilled lizard (D:1)
  8 kobolds
  7 rats
59 creatures vanquished.

Vanquished Creatures (collateral kills)
  A bat (D:1)
1 creature vanquished.

Vanquished Creatures (others)
  An orc priest (D:3)
  An orc (D:3)
  A giant cockroach (D:3)
3 creatures vanquished.

Grand Total: 63 creatures vanquished

Notes
Turn   | Place    | Note
-------+----------+-------------------------------------------
     0 | D:1      | MoonlitKnight the Hill Orc Necromancer began the quest for
                  | the Orb.
     0 | D:1      | Reached XP level 1. HP: 14/14 MP: 3/3
    11 | D:1      | Learned a level 1 spell: Animate Skeleton
   354 | D:1      | Reached XP level 2. HP: 16/20 MP: 0/4
  1311 | D:1      | Reached XP level 3. HP: 25/26 MP: 2/5
  1584 | D:2      | Learned a level 3 spell: Vampiric Draining
  1877 | D:2      | Reached XP level 4. HP: 33/33 MP: 5/7
  2570 | D:3      | Became a worshipper of Beogh the Brigand
  2833 | D:3      | Noticed Terence
  2841 | D:3      | Noticed Ijyb
  2940 | D:3      | Killed Terence
  2940 | D:3      | Reached XP level 5. HP: 26/38 MP: 1/8
  3029 | D:3      | Learned a level 4 spell: Animate Dead
  3087 | D:3      | Engulfed by Ijyb's freezing vapour

Levels and vault maps discovered:
D:1:      minmay_arrival_three_doors, layout_basic
D:2:      layout_loops_ring
D:3:      layout_rooms, lightli_sewer_entry_pipes, kennysheep_generic_room_8,
          uniq_crazy_yiuf_cottage, uniq_ijyb, uniq_terence

Skill      XL: |  1  2  3 |
---------------+----------+-----
Dodging        | 2 |  2.7
Spellcasting   | 2 |  2.5
Stealth        | |  1.5
Necromancy     | |  4.9

Action                   |  1- 3 |  4- 6 || total
-------------------------+-------+-------++-------
Melee: Mace              |    21 |       ||    21
       Flail             |       |    18 ||    18
 Cast: Pain              |    56 |    40 ||    96
       Animate Skeleton  |     5 |     2 ||     7
       Vampiric Draining |       |     3 ||     3
Invok: Convert to Beogh  |       |     1 ||     1
  Eat: Chunk             |     4 |     5 ||     9
Armor: Robe              |     4 |    10 ||    14
Dodge: Dodged            |    22 |    24 ||    46

Table legend:
 A = Non-vault XP
 B = Vault XP
 C = Vault XP percentage of total XP
 D = Non-vault monster count
 E = Vault monster count
 F = Vault count percentage of total count
                 A         B        C        D         E       F
            +---------+---------+-------+---------+---------+-------
      Total |     152 |      36 |  19.1 |      59 |       1 |   1.7
            +---------+---------+-------+---------+---------+-------
        D:1 |      39 |       0 |   0.0 |      24 |       0 |   0.0
        D:2 |      79 |       0 |   0.0 |      20 |       0 |   0.0
        D:3 |      34 |      36 |  51.4 |      15 |       1 |   6.2
            +---------+---------+-------+---------+---------+-------
